 Dungeon Crawl Stone Soup version 0.23.0-38-g208d714 (webtiles) character file.

Game seed: 16976800430704474102

353 Scud the Magician (level 6, 0/32 HPs)
             Began as a Deep Elf Fire Elementalist on Feb 27, 2019.
             Slain by Pikel
             ... wielding a +2 whip of freezing
              (1 damage)
             ... on level 4 of the Dungeon.
             The game lasted 00:18:57 (2883 turns).

Scud the Magician (Deep Elf Fire Elementalist)      Turns: 2883, Time: 00:18:58

Health: 0/32       AC:  2    Str:  5    XL:     6   Next: 35%
Magic:  7/16       EV: 13    Int: 22    God:
Gold:   81         SH:  0    Dex: 15    Spells: 10/16 levels left

rFire    . . .     SeeInvis .   (no weapon)
rCold    . . .     Gourm    .   (no shield)
rNeg     . . .     Faith    .   a - +0 robe
rPois    .         Spirit   .   (no helmet)
rElec    .         Reflect  .   (no cloak)
rCorr    .         Harm     .   (no gloves)
MR       .....     Clarity  +   (no boots)
Stlth    ++........             (no amulet)
HPRegen  0.10/turn              (no ring)
MPRegen  0.15/turn              (no ring)

@: no status effects
A: clarity, sturdy frame 1
a: no special abilities


You were on level 4 of the Dungeon.
You were not hungry.

You visited 1 branch of the dungeon, and saw 4 of its levels.

You collected 81 gold pieces.

Inventory:

Armour
 a - a +0 robe (worn)
Jewellery
 f - an uncursed ring of ice {unknown}
Scrolls
 b - 5 scrolls of identify {unknown}
 d - a scroll of teleportation {unknown}
 e - a scroll of magic mapping {unknown}
 h - 2 scrolls of random uselessness {unknown}
 i - a scroll of blinking {unknown}
 n - 2 scrolls of remove curse {unknown}
Potions
 g - a potion of mutation
 j - a potion of brilliance {unknown}
 k - a potion of flight {unknown}
 l - a potion of lignification {unknown}
 m - a potion of degeneration {unknown}
Comestibles
 c - 5 rations


   Skills:
 + Level 2.9 Dodging
 + Level 3.3 Stealth
 - Level 0.1 Unarmed Combat
 + Level 5.5 Spellcasting
 + Level 3.7 Conjurations
 + Level 5.1 Fire Magic


You had 10 spell levels left.
You knew the following spells:

 Your Spells              Type           Power        Failure   Level  Hunger
a - Flame Tongue          Conj/Fire      ####.        1%          1    None
b - Conjure Flame         Conj/Fire      ####....     4%          3    ##.....
c - Throw Flame           Conj/Fire      ####..       2%          2    None

Your spell library contained the following spells:

 Spells                   Type           Power        Failure   Level  Hunger
 Confusing Touch          Hex            #.....       10%         1    None
 Inner Flame              Hex/Fire       ###.....     10%         3    ##.....
 Sticky Flame             Conj/Fire      ####....     16%         4    ####...
 Confuse                  Hex            #.......     28%         3    ##.....
 Gell's Gravitas          Tloc           #.........   28%         3    ##.....
 Fireball                 Conj/Fire      ####......   41%         5    #####..
 Petrify                  Tmut/Erth      #.......     67%         4    ####...
 Metabolic Englaciation   Hex/Ice        #.........   95%         5    #####..
 Yara's Violent Unravell  Hex/Tmut       #.........   95%         5    #####..


Dungeon Overview and Level Annotations

Branches:
Dungeon (4/15)
 Temple: D:4-7

Altars:
Elyvilon
Gozag
Nemelex Xobeh

Annotations:
D:4 Pikel


Innate Abilities, Weirdness & Mutations

You possess an exceptional clarity of mind.
Your movements are slightly less encumbered by armour. (ER -2)


Message History

Pikel is moderately wounded.
Pikel misses you.
Casting: Flame Tongue (safe; 1% risk of failure)
Confirm with . or Enter, or press ? or * to list all spells.
Aiming: Flame Tongue (safe; 1% risk of failure)
Press: ? - help, Shift-Dir - straight line, f/p - Pikel
Aim: Pikel, wielding a +2 whip of freezing and wearing a +0 robe (moderately wounded)
The flame tongue misses Pikel.
Pikel hits you with a +2 whip of freezing.
Pikel freezes you.
* * * LOW HITPOINT WARNING * * *
The orc priest mumbles some strange prayers to Beogh against you.
Beogh smites you!
* * * LOW HITPOINT WARNING * * *
You hear an angry hiss.
It was a potion of mutation.
You feel extremely strange.
Your thoughts seem clearer.
You feel less encumbered by your armour.
Pikel hits you with a +2 whip of freezing.
You die...

.. ##o# #..# ######
#..## ##....# #...##
#<....+ +....#
...#####.....###o...#
.............K@§o#
..######.#######§#
..>..


ppp. #........ ....... #..............### #........p..p..# #..............#
#..............# You could see Pikel, a slave, an orc priest and an orc.

Vanquished Creatures
  A necrophage (D:3)
  A jelly (D:3)
  2 orc priests (D:3)
  A worker ant (D:3)
  6 adders
  2 oozes
  An adder zombie (D:1)
  A dart slug (D:1)
  8 orcs (D:3)
  A bat zombie (D:1)
  3 giant cockroaches
  14 goblins
  11 hobgoblins
  4 jackals (D:1)
  8 kobolds
  2 quokkas
  5 bats
  7 frilled lizards
  6 rats
84 creatures vanquished.

Notes
Turn   | Place    | Note
-------+----------+-------------------------------------------
     0 | D:1      | Scud the Deep Elf Fire Elementalist began the quest for the
                  | Orb.
     0 | D:1      | Reached XP level 1. HP: 10/10 MP: 6/6
   207 | D:1      | Reached XP level 2. HP: 15/15 MP: 6/8
   691 | D:1      | Reached XP level 3. HP: 8/19 MP: 0/10
  1007 | D:1      | Learned a level 3 spell: Conjure Flame
  1094 | D:2      | Learned a level 2 spell: Throw Flame
  1300 | D:2      | Found an opulent altar of Gozag.
  1471 | D:2      | Reached XP level 4. HP: 20/24 MP: 2/12
  1592 | D:2      | Noticed an orc warrior
  1805 | D:2      | Found a sparkling altar of Nemelex Xobeh.
  2122 | D:3      | Noticed a necrophage
  2129 | D:3      | Killed a necrophage
  2129 | D:3      | Reached skill level 5 in Spellcasting
  2129 | D:3      | Reached XP level 5. HP: 24/28 MP: 7/14
  2207 | D:3      | Found a white marble altar of Elyvilon.
  2410 | D:3      | Reached XP level 6. HP: 32/32 MP: 11/15
  2424 | D:3      | Reached skill level 5 in Fire Magic
  2865 | D:4      | Noticed Pikel
  2865 | D:4      | Noticed a slave
  2873 | D:4      | Noticed a slave
  2873 | D:4      | Noticed a slave
  2874 | D:4      | Noticed a slave
  2882 | D:4      | HP: 1/32 [orc priest/divine providence (7)]
  2883 | D:4      | Gained mutation: You possess an exceptional clarity of
                  | mind. [potion of mutation]
  2883 | D:4      | Gained mutation: Your movements are slightly less
                  | encumbered by armour. (ER -2) [potion of mutation]
  2883 | D:4      | Slain by Pikel

Skill      XL: |  1  2  3  4  5  6 |
---------------+-------------------+-----
Fire Magic     | 4 5 |  5.1
Conjurations   | 2 3 |  3.7
Spellcasting   | 4 5 |  5.5
Stealth        | 3 |  3.3
Dodging        | |  2.9
Unarmed Combat | |  0.1

Action                   |  1- 3 |  4- 6 || total
-------------------------+-------+-------++-------
Melee: Unarmed           |     7 |       ||     7
 Cast: Flame Tongue      |    66 |    89 ||   155
       Conjure Flame     |     2 |     3 ||     5
       Throw Flame       |     2 |       ||     2
  Use: Potion            |       |     1 ||     1
  Eat: Chunk             |     2 |       ||     2
       Ration            |       |     2 ||     2
Armor: Robe              |     9 |     2 ||    11
Dodge: Dodged            |    27 |    14 ||    41
